 Dungeon Crawl Stone Soup version 0.30-a0-462-gd5975efbca (webtiles) character file.

Game seed: 15361971048042142778

5877 Sweetruy1997 the Cleaver (level 10, -4/86 HPs)
             Began as a Hill Orc Monk on Dec 16, 2022.
             Was a High Priest of Beogh.
             Slain by a white ugly thing (9 damage)
             ... on level 10 of the Dungeon.
             The game lasted 00:29:37 (8584 turns).

Sweetruy1997 the Cleaver (Hill Orc Monk)            Turns: 8584, Time: 00:29:38

Health: -4/86      AC: 11    Str: 19      XL:     10   Next: 81%
Magic:  10/10      EV: 12    Int: 10      God:    Beogh [*****.]
Gold:   322        SH:  0    Dex: 16 (17) Spells: 7/9 levels left

rFire   + + .      SeeInvis .    E - +7 quarterstaff "Tormentor" {freeze, rPois}
rCold   + . .      Faith    .    (shield currently unavailable)
rNeg    + . .      Spirit   .    e - +0 ring mail
rPois   +          Reflect  .    (helmet restricted)
rElec   +          Harm     .    F - +2 cloak of the Lair of Beasts {Fly rElec Str+2}
rCorr   .          Rampage  .    (no gloves)
Will    .....      Clarity  +    r - +1 pair of boots of the Sneaky Friars {rElec rF++ rN+ Dex+2}
Stlth   ++........               j - amulet of regeneration
HPRegen 1.14/turn                (no ring)
MPRegen 0.12/turn                (no ring)

@: flying
A: walk on water, antennae 1, clarity, cold resistance 1, deterioration 1
a: Renounce Religion, Smiting, Recall Orcish Followers, Give Item to Named
Follower


You were on level 10 of the Dungeon.
You worshipped Beogh.
Beogh was extremely pleased with you.
You visited 2 branches of the dungeon, and saw 11 of its levels.
You also visited: Ossuary.

You collected 567 gold pieces.
You spent 245 gold pieces at shops.

Inventory:

Hand Weapons
 a - a +5 hand axe
 E - the +7 quarterstaff "Tormentor" (weapon) {freeze, rPois}
   (You found it on level 6 of the Dungeon)

   It freezes those it strikes, dealing additional cold damage.
   It can also slow down cold-blooded creatures.
   rPois:     It protects you from poison.
Missiles
 f - 5 silver javelins
 x - 2 javelins (quivered)
 D - 3 boomerangs
Armour
 e - a +0 ring mail (worn)
 r - the +1 pair of boots of the Sneaky Friars (worn) {rElec rF++ rN+ Dex+2}
   (You found it on level 2 of the Dungeon)

   Dex:       It affects your dexterity (+2).
   rF:        It greatly protects you from fire.
   rElec:     It insulates you from electricity.
   rN:        It protects you from negative energy.
 F - the +2 cloak of the Lair of Beasts (worn) {Fly rElec Str+2}
   (You found it on level 6 of the Dungeon)

   Str:       It affects your strength (+2).
   rElec:     It insulates you from electricity.
   Fly:       It grants you flight.
 H - a +1 helmet
Jewellery
 j - an amulet of regeneration (around neck)
 G - an amulet of reflection
Wands
 g - a wand of light (2)
 u - a wand of charming (10)
 y - a wand of mindburst (8)
 C - a wand of flame (20)
Scrolls
 c - a scroll of summoning {unknown}
 m - 6 scrolls of teleportation
 n - a scroll of blinking {unknown}
 p - 2 scrolls of fear
 s - a scroll of fog
 z - a scroll of brand weapon {unknown}
 A - 2 scrolls of magic mapping
 B - a scroll of poison {unknown}
Potions
 b - 2 potions of curing
 d - a potion of resistance {unknown}
 h - 5 potions of flight
 i - 3 potions of degeneration {unknown}
 k - a potion of attraction {unknown}
 l - 3 potions of heal wounds
 o - a potion of berserk rage {unknown}
 q - a potion of cancellation {unknown}
 t - 2 potions of might
 v - 2 potions of brilliance
 w - 2 potions of ambrosia
Miscellaneous
 I - a piece from Xom's chessboard (13/15)


   Skills:
 - Level 7.0 Fighting
 - Level 14.0 Axes
 + Level 5.6 Staves
 + Level 4.3 Throwing
 - Level 5.0 Armour
 + Level 3.6 Dodging
 - Level 3.0 Stealth
 + Level 0.3 Spellcasting
 + Level 0.3 Translocations
 + Level 2.9 Evocations


You had 7 spell levels left.
You knew the following spells:

 Your Spells              Type           Power      Damage    Failure   Level
a - Blink                 Tloc           0%         N/A       63%         2

Your spell library contained the following spells:

 Spells                   Type           Power      Damage    Failure   Level
 Portal Projectile        Hex/Tloc       0%         N/A       87%         3
 Call Canine Familiar     Summ           0%         N/A       88%         3
 Tukima's Dance           Hex            0%         N/A       88%         3
 Leda's Liquefaction      Hex/Erth       0%         N/A       99%         4
 Manifold Assault         Tloc           0%         N/A       99%         4
 Passage of Golubria      Tloc           0%         N/A       99%         4
 Yara's Violent Unravell  Hex/Tmut       0%         3d3       100%        5
 Storm Form               Tmut/Air       0%         N/A       100%        7


Dungeon Overview and Level Annotations

Branches:
Dungeon (10/15)            Temple (1/1) D:4         Ossuary (visited)
   Lair: D:8-11         Orc: D:9-12

Altars:
Ashenzari
Cheibriados
Dithmenos
Elyvilon
Fedhas
Gozag
Kikubaaqudgha
Makhleb
Nemelex Xobeh
Okawaru
Qazlal
Sif Muna
Trog
Uskayaw
Vehumet
Wu Jian
Xom
Yredelemnul
Zin
The Shining One
Beogh

Shops:
D:6 *


Innate Abilities, Weirdness & Mutations

You can walk on water.
You have a pair of small antennae on your head.
You possess an exceptional clarity of mind.
Your flesh is cold resistant. (rC+)
Your body sometimes deteriorates upon taking damage.


Message History

You resist.
* * * LOW HITPOINT WARNING * * *
You sock the white ugly thing! You freeze the white ugly thing.
The white ugly thing is heavily wounded.
The white ugly thing tail-slaps you but does no damage.
You feel much better.
The white ugly thing completely misses you.
You barely miss the white ugly thing.
The white ugly thing is heavily wounded.
The white ugly thing barely misses you.
You hit the white ugly thing.
The white ugly thing is heavily wounded.
The white ugly thing tail-slaps you. The white ugly thing freezes you!
You resist.
You hit the white ugly thing. You freeze the white ugly thing.
The white ugly thing is heavily wounded.
The white ugly thing tail-slaps you but does no damage.
You hit the white ugly thing.
The white ugly thing is severely wounded.
The white ugly thing tail-slaps you. The white ugly thing freezes you.
You resist.
* * * LOW HITPOINT WARNING * * *
You feel much better. The white ugly thing tail-slaps you.
The white ugly thing freezes you! You resist.
* * * LOW HITPOINT WARNING * * *
You feel much better. The white ugly thing tail-slaps you.
The white ugly thing freezes you! You resist.
* * * LOW HITPOINT WARNING * * *
You hit the white ugly thing but do no damage.
The white ugly thing is severely wounded.
The white ugly thing tail-slaps you.
* * * LOW HITPOINT WARNING * * *
The white ugly thing freezes you. You resist.
* * * LOW HITPOINT WARNING * * *
You barely miss the white ugly thing.
The white ugly thing is severely wounded.
The white ugly thing tail-slaps you!
* * * LOW HITPOINT WARNING * * *
The white ugly thing freezes you! You resist.
You die...

#.....#
#o#
#......#
#o#
#.######
#o### #.
#.oo####
#
###.o.o#
####o#
##{#
#o###
##@.#
#..u###
####


You could see a white ugly thing (ally target) and a friendly orc warrior.

Vanquished Creatures
  A two-headed ogre (D:9)
  A wyvern (D:8)
  A steam dragon (D:10)
  A water moccasin (D:7)
  An ice beast (D:5)
  A black bear (D:6)
  An orc warrior (D:8)
  A sky beast (D:7)
  An ogre (D:7)
  A kobold brigand (D:7)
  Blork the orc (D:6)
  3 bullfrogs
  10 scorpions
  6 wights
  7 killer bees
  3 howler monkeys
  3 electric eels
  A centaur zombie (Ossuary)
  4 jellies
  A hound (D:5)
  3 human zombies (Ossuary)
  A gnoll bouda (D:8)
  3 orc priests
  3 iguanas
  4 orc wizards
  6 scorpion zombies (Ossuary)
  Natasha (twice) (D:4)
  4 mummies
  7 gnolls
  4 adders
  A white imp (D:6)
  A worm (D:2)
  A dart slug (D:6)
  3 orcs
  8 ball pythons
  3 endoplasms
  3 giant cockroaches
  2 goblins (D:1)
  6 hobgoblins
  16 kobolds
  A quokka (D:2)
  4 bats
  3 frilled lizards
  2 gnoll zombies (Ossuary)
  A goblin zombie (Ossuary)
  A hobgoblin zombie (Ossuary)
  2 orc zombies (D:4)
  2 rats
146 creatures vanquished.

Vanquished Creatures (collateral kills)
  The ghost of indyram44 the Stinger, a novice GnVM of Okawaru (D:6)
  2 kobold demonologists (D:9)
  An unseen horror (D:9)
  A troll (D:10)
  A wyvern (D:8)
  4 yaks (D:9)
  A steam dragon (D:7)
  A warg (D:6)
  An orc warrior (D:9)
  A centaur (D:9)
  2 kobold brigands (D:9)
  A bullfrog (D:8)
  2 scorpions
  3 wights
  2 killer bees
  An electric eel (D:7)
  5 orc priests
  A gnoll bouda (D:5)
  5 gnolls
  A shadow imp (D:5)
  2 orcs (D:6)
  2 kobolds (D:9)
41 creatures vanquished.

Vanquished Creatures (others)
  3 orc warriors
  An orc priest (D:5)
  2 orc wizards
  6 orcs
  16 plants
28 creatures vanquished.

Grand Total: 215 creatures vanquished

Notes
Turn   | Place    | Note
-------+----------+-------------------------------------------
     0 | D:1      | Sweetruy1997 the Hill Orc Monk began the quest for the Orb.
     0 | D:1      | Reached XP level 1. HP: 19/19 MP: 1/1
   402 | D:1      | Found a faded altar of an unknown god.
   407 | D:1      | Reached XP level 2. HP: 25/27 MP: 2/2
   914 | D:2      | Reached XP level 3. HP: 30/33 MP: 3/3
   961 | D:2      | You fall into a shaft and drop 2 floors!
  1060 | D:4      | Found a staircase to the Ecumenical Temple.
  1084 | D:4      | Became a worshipper of Beogh the Brigand
  1084 | D:4      | Reached * piety under Beogh
  1084 | D:4      | Reached ** piety under Beogh
  1132 | D:4      | Noticed a scorpion
  1153 | D:4      | Killed a scorpion
  1154 | D:4      | Reached skill level 5 in Axes
  1154 | D:4      | Reached skill level 1 in Armour
  1154 | D:4      | Reached XP level 4. HP: 13/41 MP: 4/4
  1155 | D:4      | Gained mutation: Your magical capacity is low. (-10% MP)
                  | [potion of mutation]
  1155 | D:4      | Gained mutation: You possess an exceptional clarity of
                  | mind. [potion of mutation]
  1156 | D:4      | Lost mutation: You possess an exceptional clarity of mind.
                  | [potion of mutation]
  1156 | D:4      | Lost mutation: Your magical capacity is low. (-10% MP)
                  | [potion of mutation]
  1156 | D:4      | Gained mutation: Your body sometimes deteriorates upon
                  | taking damage. [potion of mutation]
  1156 | D:4      | Gained mutation: You have hidden genetic potential. [potion
                  | of mutation]
  1156 | D:4      | Gained mutation: You possess an exceptional clarity of
                  | mind. [potion of mutation]
  1226 | D:4      | Found a sand-covered staircase.
  1235 | Ossuary  | Entered an ossuary
  1254 | Ossuary  | Noticed a scorpion
  1264 | Ossuary  | Killed a scorpion
  1265 | Ossuary  | Reached XP level 5. HP: 42/47 MP: 5/5
  1275 | Ossuary  | Gained mutation: You have a pair of small antennae on your
                  | head. [hidden potential]
  1296 | Ossuary  | Reached skill level 6 in Axes
  1313 | Ossuary  | Reached XP level 6. HP: 41/53 MP: 6/6
  1323 | Ossuary  | Gained mutation: Your flesh is cold resistant. (rC+)
                  | [hidden potential]
  1323 | Ossuary  | Lost mutation: You have hidden genetic potential. [hidden
                  | potential expressed]
  1367 | Ossuary  | Reached skill level 7 in Axes
  1415 | Ossuary  | Reached skill level 5 in Fighting
  1415 | Ossuary  | Reached XP level 7. HP: 27/61 MP: 7/7
  1482 | Ossuary  | Reached skill level 8 in Axes
  1696 | Ossuary  | Reached skill level 9 in Axes
  1825 | D:4      | Found an ornate altar of the Wu Jian Council.
  1911 | D:3      | Found a glowing silver altar of Zin.
  1948 | D:2      | Identified the +1 pair of boots of the Sneaky Friars {rElec
                  | rF++ rN+ Dex+2}
  2857 | D:3      | Found a shimmering altar of Xom.
  2892 | D:3      | Reached XP level 8. HP: 68/70 MP: 8/8
  3164 | D:4      | Noticed Natasha
  3225 | D:4      | Killed Natasha
  3380 | D:4      | Reached *** piety under Beogh
  3499 | D:4      | Noticed Natasha
  3515 | D:4      | Killed Natasha
  3681 | Temple   | Entered the Ecumenical Temple
  4026 | D:5      | Entered Level 5 of the Dungeon
  4040 | D:5      | Reached skill level 10 in Axes
  4127 | D:5      | Reached skill level 11 in Axes
  4405 | D:5      | Reached skill level 12 in Axes
  4719 | D:6      | Found Ejohy's Assorted Antiques.
  4751 | D:6      | Bought a worn glass wand for 140 gold pieces
  4751 | D:6      | Bought a scroll labelled BEJOEFO LEH for 35 gold pieces
  4751 | D:6      | Bought a scroll labelled ESUAPA ELEGAGE for 35 gold pieces
  4751 | D:6      | Bought a scroll labelled ULOTAV CIUMYU for 35 gold pieces
  4863 | D:6      | Reached skill level 1 in Evocations
  4868 | D:6      | Reached XP level 9. HP: 47/75 MP: 9/9
  4872 | D:6      | Reached skill level 13 in Axes
  4912 | D:6      | Found a radiant altar of Vehumet.
  5100 | D:6      | Reached **** piety under Beogh
  5153 | D:6      | Found a snail-covered altar of Cheibriados.
  5281 | D:6      | Noticed Blork the orc
  5292 | D:6      | Killed Blork the orc
  5483 | D:6      | Found a runed translucent gate.
  5483 | D:6      | Identified the +1 chain mail "Zomaac" {Str+4}
  5485 | D:6      | Found a runed translucent gate.
  5486 | D:6      | Found a runed translucent gate.
  5488 | D:6      | Noticed indyram44's ghost (novice GnVM)
  5488 | D:6      | Killed indyram44's ghost
  5489 | D:6      | Reached skill level 14 in Axes
  5491 | D:6      | Found a roughly hewn altar of Beogh.
  5496 | D:6      | Reached skill level 1 in Throwing
  5515 | D:6      | Identified the +7 quarterstaff "Tormentor" {freeze, rPois}
  5517 | D:6      | Identified the +2 cloak of the Lair of Beasts {Fly rElec
                  | Str+2}
  5788 | D:7      | Reached skill level 1 in Staves
  5936 | D:7      | Learned a level 2 spell: Blink
  6039 | D:7      | Found an iron altar of Okawaru.
  6183 | D:7      | Found a blossoming altar of Fedhas.
  6802 | D:8      | Found a bloodstained altar of Trog.
  6960 | D:8      | Found a shimmering blue altar of Sif Muna.
  7059 | D:8      | Reached XP level 10. HP: 78/83 MP: 10/10
  7231 | D:8      | Reached skill level 5 in Armour
  7542 | D:9      | Noticed a kobold demonologist
  7542 | D:9      | Noticed a kobold demonologist
  7548 | D:9      | Killed a kobold demonologist
  7550 | D:9      | Killed a kobold demonologist
  7553 | D:9      | Noticed a two-headed ogre
  7558 | D:9      | Killed a two-headed ogre
  7930 | D:9      | Reached ***** piety under Beogh
  7981 | D:9      | Killed an unseen horror
  8033 | D:9      | Reached skill level 5 in Staves
  8458 | D:10     | Entered Level 10 of the Dungeon
  8564 | D:10     | Noticed a brown ugly thing
  8584 | D:10     | Slain by a white ugly thing

Illustrated notes

Levels and vault maps discovered:
D:1:      saegor_arrival_fortress, layout_basic,
          chequers_ecumenical_altar_island, amethyst_killhole,
          hangedman_glass_teeth
D:2:      wad_lake_hut, layout_loops_ring, supply_closet_lemuel
D:3:      layout_loops_cross, dk_xom_monty_hall, mainiacjoe_overflow_catwalk,
          corexii_leaking_fountain, minmay_misc_feat_ornament
D:4:      layout_loops_ring, lemuel_round_altar, minmay_temple_entry_junction,
          nicolae_ossuary_entry_giza, eino_small_chamber_without_monster,
          uniq_natasha
D:5:      layout_rooms
D:6:      layout_gridville, kennysheep_slug_shrine, vehumet_altar_wand_db,
          biasface_ghost_orc_armoury, serial_shops, nicolae_inconvenience_store,
          hex_medium, uniq_blork_the_orc
D:7:      layout_basic, mainiacjoe_overflow_paths, okawaru_ov_weapons_minmay,
          chequers_big_river, kennysheep_nondescript
D:8:      layout_gridville, nicolae_sif_muna_condensation, bloody_trog
D:9:      layout_stronghold
D:10:     minmay_chopped_fan, layout_basic, jmf_multi_god_temple2,
          dpeg_oklobed_lair, minmay_orc_entry_temple_small,
          minmay_misc_feat_chi, uniq_erica
Temple:   grunt_temple_mini_profane

Skill      XL: |  1  2  3  4  5  6  7  8  9 10 |
---------------+-------------------------------+-----
Fighting       | 4 5 6 7 |  7.0
Axes           | 5 6 7 9 12 14 | 14.0
Armour         | 1 2 3 4 5 |  5.0
Dodging        | 3 |  3.6
Stealth        | 2 3 |  3.0
Evocations     | 1 2 |  2.9
Throwing       | 2 4 |  4.3
Staves         | 3 5 |  5.6
Spellcasting   | |  0.3
Translocations | |  0.3

Action                   |  1- 3 |  4- 6 |  7- 9 | 10-12 || total
-------------------------+-------+-------+-------+-------++-------
Melee: Hand axe          |    98 |    92 |   360 |       ||   550
       Punch             |     2 |     1 |     6 |       ||     9
       Quarterstaff      |       |       |    58 |    68 ||   126
Throw: Javelin           |       |       |    19 |    19 ||    38
       Boomerang         |       |       |     5 |       ||     5
 Cast: Blink             |       |       |     1 |       ||     1
Invok: Convert to Beogh  |     1 |       |       |       ||     1
Evoke: Wand              |       |       |     4 |     1 ||     5
       Piece from Xom's  |       |       |       |     3 ||     3
  Use: Scroll            |     5 |       |    11 |       ||    16
       Potion            |     1 |     4 |     3 |     3 ||    11
 Stab: Distracted        |       |       |     3 |     2 ||     5
       Sleeping          |       |       |     3 |       ||     3
       Confused          |       |       |     3 |       ||     3
Armor: Ring mail         |    36 |    31 |   113 |    58 ||   238
Dodge: Dodged            |    61 |    49 |   214 |    42 ||   366

Table legend: (Time is in decaauts)
 A = Elapsed time spent in this place.
 B = Non-inter-level travel time spent in this place.
 C = Inter-level travel time spent in this place.
 D = Time resting spent in this place.
 E = Time spent auto-exploring this place.
 F = Levels seen in this place.
 G = Mean time per level.
                   A        B        C        D        E       F      G
               +--------+--------+--------+--------+--------+-----+--------+
         Total |   8579 |   8248 |    331 |    771 |   5571 |  12 |  714.9 |
       Dungeon |   7820 |   7525 |    295 |    680 |   5272 |  10 |  782.0 |
        Temple |    211 |    175 |     36 |      0 |    168 |   1 |  211.0 |
       Ossuary |    547 |    547 |      0 |     91 |    131 |   1 |  547.0 |
               +--------+--------+--------+--------+--------+-----+--------+

Top non-repeatable levels by time:
     D:6: 1101 daAuts
     D:9: 1025 daAuts
     D:2: 973 daAuts
     D:4: 965 daAuts
     D:7: 892 daAuts
     D:8: 799 daAuts
     D:1: 690 daAuts
     D:3: 666 daAuts
     D:5: 580 daAuts
 Ossuary: 547 daAuts
  Temple: 211 daAuts
    D:10: 126 daAuts
